 Dungeon Crawl Stone Soup version 0.31-a0-237-g2d982f9f85 (webtiles) character file.

Game seed: 17779818132239922185

324 qw the Shooter (level 6, -19/37 HPs)
             Began as a Gargoyle Hexslinger on July 11, 2023.
             Was an Initiate of Okawaru.
             Demolished by an ogre
             ... wielding a +0 giant spiked club
              (20 damage)
             ... on level 4 of the Dungeon.
             The game lasted 00:01:03 (2789 turns).

qw the Shooter (Gargoyle Hexslinger)                Turns: 2789, Time: 00:01:03

Health: -19/37     AC: 10    Str: 12    XL:     6   Next: 48%
Magic:  7/7        EV: 10    Int: 13    God:    Okawaru [......]
Gold:   131        SH:  5    Dex: 14    Spells: 6/7 levels left

rFire   + . .        g - +1 sling (heavy)
rCold   . . .        (no shield)
rNeg    + . .        j - +0 ring mail
rPois   inf          (no helmet)
rElec   +            (no cloak)
rCorr   .            (no gloves)
SInv    .            m - +0 pair of boots
Will    .....        d - amulet of reflection
Stlth   +            n - ring of protection from fire
HPRegen 0.26/turn    (no ring)
MPRegen 0.10/turn

%: reflection
@: no status effects
A: sickness immunity, AC +4, negative energy resistance 1, electricity
resistance, torment resistance 1, petrification resistance
a: Renounce Religion


You were on level 4 of the Dungeon.
You worshipped Okawaru.
Okawaru was noncommittal.
You visited 2 branches of the dungeon, and saw 5 of its levels.

You collected 131 gold pieces.


Innate Abilities, Weirdness & Mutations

You are immune to sickness and miasma.
Your stone body is resilient. (AC +4)
You are immune to poison.
You resist negative energy. (rN+)
You are resistant to electric shocks. (rElec)
You are resistant to unholy torment.
You are immune to petrification.


   Skills:
 - Level 3.3 Fighting
 + Level 5.7 Ranged Weapons
 - Level 1.1 Armour
 - Level 1.5 Dodging
 - Level 1.0 Spellcasting
 - Level 2.6 Hexes


You had 6 spell levels left.
You knew the following spells:

 Your Spells              Type           Power      Damage    Failure   Level
a - Slow                  Hex            28%        N/A       22%         1

Your spell library contained the following spells:

 Spells                   Type           Power      Damage    Failure   Level
 Inner Flame              Hex/Fire       4%         N/A       73%         3
 Portal Projectile        Hex/Tloc       8%         N/A       73%         3
 Cause Fear               Hex            3%         N/A       91%         4

Inventory:

Hand Weapons
 g - a +1 heavy sling (weapon)
Armour
 j - a +0 ring mail (worn)
 l - the +1 robe of Ducwoaf {Harm Str+5}
   (You found it on level 3 of the Dungeon)

   Str:       It affects your strength (+5).
   Harm:      It increases damage dealt and taken.
 m - a +0 pair of boots (worn)
Jewellery
 d - an amulet of reflection (around neck)
 n - a ring of protection from fire (left hand)
Potions
 a - a potion of invisibility {unknown}
 b - a potion of cancellation {unknown}
 c - a potion of enlightenment {unknown}
 e - a potion of degeneration {unknown}
 f - a potion of might {unknown}
 h - a potion of brilliance {unknown}
 i - a potion of heal wounds {unknown}
 o - a potion of berserk rage {unknown}
 p - a potion of lignification {unknown}

Dungeon Overview and Level Annotations

Branches:
Dungeon (4/15)             Temple (1/1) D:4

Altars:
Ashenzari
Cheibriados
Dithmenos
Elyvilon
Fedhas
Gozag
Hepliaklqana
Kikubaaqudgha
Makhleb
Okawaru
Qazlal
Ru
Sif Muna
Trog
Vehumet
Xom
Yredelemnul
Zin
The Shining One

Shops:
D:4 [

Annotations:
D:4 1 transporter, qw's ghost, amateur MiHs


Message History

You shoot a sling bullet. The sling bullet hits the ball python.
The ball python is severely wounded.
The ball python bites you. The ball python constricts you.
The ogre hits you with a +0 giant spiked club!
The ball python bites you but does no damage.
The ball python constricts you.
You shoot a sling bullet.
The sling bullet barely misses the ball python.
You block the ogre's attack.
The ball python bites you but does no damage.
The ball python constricts you.
The ball python bites you but does no damage.
The ball python constricts you.
You shoot a sling bullet.
The sling bullet closely misses the ball python.
The ogre hits you with a +0 giant spiked club!
The ball python bites you but does no damage.
The ball python constricts you.
The ball python bites you but does no damage.
The ball python constricts you. The ogre barely misses you.
You shoot a sling bullet.
The sling bullet completely misses the ball python.
You hear a shout!
The ball python bites you but does no damage.
The ball python constricts you. You block the ball python's attack.
The ball python constricts you. The ogre barely misses you.
You shoot a sling bullet. The sling bullet hits the ball python!
You kill the ball python!
Okawaru accepts your kill.
A hobgoblin comes into view.
The ogre closely misses you.
You shoot a sling bullet. The sling bullet hits the ogre.
The ogre is moderately wounded.
The ogre misses you. The hobgoblin barely misses you.
You shoot a sling bullet. The sling bullet hits the ogre!
The ogre is severely wounded.
The hobgoblin hits you.
The ogre hits you with a +0 giant spiked club!!
Ouch! That really hurt!
You die...

#..~~##.###g###.##~ .
#..~~#..#8###8#..#~
..#..~~####..../####~ #
....~~~~~~~~~~~~~~~~ #.
#.~~~~~~~~~~~~~~~~
#..####.............(...
..>............#######
#..##.g##..#######
.......@...#
.###..O##..# ##.. #..#
##. #..# .. #.## .. #.#
..# #.# .# ..#


You could see an ogre and a hobgoblin.

Vanquished Creatures
  An ice beast (D:3)
  Blork the orc (D:4)
  A hound (D:4)
  Terence (D:3)
  5 adders
  An orc (D:4)
  8 bats
  8 endoplasms
  7 giant cockroaches
  7 goblins
  5 hobgoblins
  2 quokkas (D:1)
  9 ball pythons
  5 frilled lizards
  6 kobolds
  6 rats
73 creatures vanquished.

Notes
Turn   | Place    | Note
-------+----------+-------------------------------------------
     0 | D:1      | qw the Gargoyle Hexslinger began the quest for the Orb.
     0 | D:1      | Reached XP level 1. HP: 12/12 MP: 2/2
     0 | D:1      | 0 ||| qw: Version: 0.3-a-52-g30416fa
     0 | D:1      | 0 ||| qw: Game counter: 5506
     0 | D:1      | 0 ||| qw: Melee chars always use a shield: true
     0 | D:1      | 0 ||| qw: God list: Okawaru
     0 | D:1      | 0 ||| qw: Allow faded altars: false
     0 | D:1      | 0 ||| qw: Do Orc after clearing Dungeon:15 true
     0 | D:1      | 0 ||| qw: Do second Lair branch before Depths: true
     0 | D:1      | 0 ||| qw: Lair rune preference: random
     0 | D:1      | 0 ||| qw: Goals: Normal
     0 | D:1      | 0 ||| PLANNING D:1-11
   105 | D:1      | Reached XP level 2. HP: 16/16 MP: 3/3
   207 | D:1      | Reached skill level 3 in Ranged Weapons
   273 | D:1      | Reached XP level 3. HP: 21/21 MP: 4/4
   542 | D:1      | 542 ||| UPGRADING to amulet of reflection.
   547 | D:1      | 547 ||| READING scroll labelled SAOSOUNIWI.
   548 | D:1      | 548 ||| READING scroll labelled UCKOASK AHUZ.
   549 | D:1      | 549 ||| READING scroll labelled WYCLYH ZOATURO.
   550 | D:1      | 550 ||| DROPPING scroll of poison.
   802 | D:2      | Found a faded altar of an unknown god.
   841 | D:2      | Reached XP level 4. HP: 26/26 MP: 5/5
   998 | D:2      | Reached skill level 4 in Ranged Weapons
  1360 | D:2      | 1360 ||| UPGRADING to +0 ring mail.
  1370 | D:2      | 1370 ||| DROPPING +0 robe.
  1371 | D:2      | 1371 ||| READING scroll labelled MAWENA SUKEOGH.
  1372 | D:2      | 1372 ||| READING scroll labelled GICEUN SIBLORCH.
  1495 | D:3      | Reached skill level 1 in Armour
  1594 | D:3      | Noticed Terence
  1598 | D:3      | Killed Terence
  1599 | D:3      | Reached XP level 5. HP: 22/30 MP: 6/6
  1648 | D:3      | Noticed an ice beast
  1660 | D:3      | Killed an ice beast
  1661 | D:3      | Reached skill level 5 in Ranged Weapons
  1769 | D:3      | Identified the +1 robe of Ducwoaf {Harm Str+5}
  1940 | D:3      | Found a blossoming altar of Fedhas.
  1949 | D:3      | Found a broken altar of Ashenzari.
  2047 | D:3      | Reached XP level 6. HP: 36/36 MP: 7/7
  2126 | D:3      | 2126 ||| UPGRADING to +0 pair of boots.
  2131 | D:3      | 2131 ||| UPGRADING to ring of protection from fire.
  2132 | D:3      | 2132 ||| READING scroll labelled YTWUZAK LI NUTANNI.
  2233 | D:4      | Found Pemat's Armour Boutique.
  2237 | D:4      | Noticed Blork the orc
  2244 | D:4      | Killed Blork the orc
  2245 | D:4      | Reached skill level 3 in Fighting
  2413 | D:4      | Found a white marble altar of Elyvilon.
  2418 | D:4      | Found a staircase to the Ecumenical Temple.
  2419 | D:4      | 2419 ||| PLANNING TEMPLE
  2419 | D:4      | 2419 ||| READING scroll labelled ILAPSUMESK.
  2420 | D:4      | 2420 ||| READING scroll labelled HIPNAC PIBOO.
  2453 | Temple   | Entered the Ecumenical Temple
  2454 | Temple   | 2454 ||| PLANNING OKAWARU WORSHIP
  2574 | Temple   | Became a worshipper of Warmaster Okawaru
  2575 | Temple   | 2575 ||| PLANNING D:1-11
  2656 | D:4      | Found a glowing golden altar of the Shining One.
  2733 | D:4      | Found a transporter.
  2763 | D:4      | Noticed qw's ghost (amateur MiHs)
  2783 | D:4      | HP: 9/37 [ogre/+0 giant spiked club (10)]
  2785 | D:4      | HP: 2/37 [ogre/+0 giant spiked club (8)]
  2789 | D:4      | Demolished by an ogre

Levels and vault maps discovered:
D:1:      dpeg_arrival_houses_and_road, layout_basic
D:2:      layout_basic, ebering_ecumenical_altar_webs, minmay_small_reverse_x
D:3:      layout_rooms, mainiacjoe_overflow_swirl, palyth_stone_intersect,
          nicolae_hexahallways, uniq_terence
D:4:      layout_loops_ring, mainiacjoe_overflow_tiny_flanked,
          mainiacjoe_overflow_alcove_4, minmay_temple_entry_statues_fountains,
          serial_shops, nicolae_shop_tiny_statue_garden,
          gammafunk_ghost_gnarly_gnolls, minmay_cupped, uniq_blork_the_orc
Temple:   regret_index_temple_waves

Skill      XL: |  1  2  3  4  5  6 |
---------------+-------------------+-----
Ranged Weapons | 3 4 5 |  5.7
Fighting       | 2 3 |  3.3
Armour         | 1 |  1.1
Dodging        | |  1.5
Spellcasting   | |  1.0
Hexes          | |  2.6

Action                     |  1- 3 |  4- 6 || total
---------------------------+-------+-------++-------
   Fire: Sling             |   109 |    98 ||   207
    Use: Scroll            |     3 |     5 ||     8
 Armour: Robe              |     8 |       ||     8
         Ring mail         |       |    38 ||    38
  Dodge: Dodged            |    22 |    43 ||    65
  Block: Other             |     3 |    24 ||    27
         Reflection        |       |     1 ||     1

Table legend:
 A = Non-vault XP
 B = Vault XP
 C = Vault XP percentage of total XP
 D = Non-vault monster count
 E = Vault monster count
 F = Vault count percentage of total count
                 A         B        C        D         E       F
            +---------+---------+-------+---------+---------+-------
      Total |     332 |     131 |  28.3 |      65 |       8 |  11.0
            +---------+---------+-------+---------+---------+-------
        D:1 |      49 |       0 |   0.0 |      31 |       0 |   0.0
        D:2 |      65 |       7 |   9.7 |      17 |       4 |  19.0
        D:3 |     168 |      36 |  17.6 |      13 |       1 |   7.1
        D:4 |      50 |      88 |  63.8 |       4 |       3 |  42.9
            +---------+---------+-------+---------+---------+-------
